 Dungeon Crawl Stone Soup version 0.19.5 (webtiles) character file.

22903 GordonOverkill the Fencer (level 12, -9/82 HPs)
             Began as a High Elf Berserker on May 14, 2017.
             Was a High Priest of Trog.
             Mangled by a tentacled starspawn (17 damage)
             ... on level 3 of the Abyss.
             The game lasted 00:39:54 (17261 turns).

GordonOverkill the Fencer (High Elf Berserker)     Turns: 17261, Time: 00:39:54

Health: -9/82      AC: 21    Str: 22    XL:     12   Next: 67%
Magic:  16/16      EV:  8    Int: 13    God:    Trog [*****.]
Gold:   1000       SH:  0    Dex: 15    Spells: 0 memorised, 11 levels left

rFire  . . .     SeeInvis .     a - +10 great sword "Beastslayer" {slice, +Inv MR+}
rCold  + . .     Gourm    .     j - +0 plate armour
rNeg   . . .     Faith    .     (shield currently unavailable)
rPois  .         Spirit   .     H - +0 helmet
rElec  .         Reflect  .     B - +0 cloak
rCorr  .         Harm     .     s - +0 pair of gloves
MR     +++..                    D - +1 pair of boots {Fly}
Stlth  ..........               (no amulet)
                                I - ring of protection from cold
                                w - ring of protection from magic

@: flying, constricted
A: strong 1
a: Berserk, Trog's Hand, Brothers in Arms, Burn Spellbooks, Renounce Religion,
Evoke Invisibility, Stop Flying


You were on level 3 of the Abyss.
You worshipped Trog.
Trog was extremely pleased with you.
You were hungry.

You visited 3 branches of the dungeon, and saw 14 of its levels.
You visited the Abyss 1 time.
You also visited: Labyrinth and Ossuary.

You collected 1000 gold pieces.

Inventory:

Hand Weapons
 a - the +10 great sword "Beastslayer" (weapon) {slice, +Inv MR+}
   (You found it in a labyrinth)

   It inflicts extra damage upon your enemies.
   It affects your resistance to hostile enchantments.
   It lets you turn invisible.
 b - a +4 scimitar of flaming
Missiles
 u - 7 javelins (quivered)
Armour
 j - a +0 plate armour (worn)
 s - a +0 pair of gloves (worn)
 y - a +0 large shield
 B - a +0 cloak (worn)
 D - a +1 pair of boots of flying (worn)
 H - a +0 helmet (worn)
Jewellery
 q - an uncursed ring of see invisible
 w - a ring of protection from magic (left hand)
 A - an uncursed ring of fire
 I - a ring of protection from cold (right hand)
 L - an uncursed ring of resist corrosion
 S - an uncursed ring of protection from magic
Wands
 C - a wand of disintegration (10/24)
 M - a wand of confusion (22/48)
 N - a wand of lightning (8/15)
 T - a wand of paralysis (11/24)
 U - a wand of acid (5/15)
 V - a wand of iceblast (11/15)
Scrolls
 n - 5 scrolls of teleportation
 p - 2 scrolls of immolation
 r - 2 scrolls of remove curse
 v - 3 scrolls of recharging
 E - 2 scrolls of magic mapping
 O - a scroll of enchant armour
 Q - 2 scrolls of identify
 R - 3 scrolls of blinking
Potions
 d - 4 potions of resistance
 e - 3 potions of haste
 g - 2 potions of cancellation
 i - 2 potions of flight
 k - 2 potions of degeneration {unknown}
 l - a potion of magic {unknown}
 m - 5 potions of curing
 o - 3 potions of agility
 t - 4 potions of heal wounds {unknown}
 x - 2 potions of might
 z - 2 potions of brilliance
 F - a potion of lignification {unknown}
 K - 2 potions of invisibility {unknown}
 X - a potion of mutation {unknown}
Comestibles
 c - 11 bread rations
 f - a meat ration
 h - 12 fruits
 G - a chunk of flesh


   Skills:
 - Level 8.0 Fighting
 + Level 17.2 Long Blades
 - Level 10.2 Armour
 - Level 7.2 Dodging
 + Level 4.2 Evocations


You had 11 spell levels left.
You didn't know any spells.

Dungeon Overview and Level Annotations

Branches:
Dungeon (10/15)            Temple (1/1) D:6            Lair (3/6) D:9
    Orc (0/2) D:9
  Swamp: Lair:2-4    Shoals: Lair:2-4     Snake: Lair:2-4    Spider: Lair:2-4

Altars:
Ashenzari
Cheibriados
Dithmenos
Elyvilon
Fedhas
Gozag
Hepliaklqana
Kikubaaqudgha
Makhleb
Nemelex Xobeh
Okawaru
Qazlal
Ru
Sif Muna
Trog
Uskayaw
Vehumet
Xom
Yredelemnul
Zin
The Shining One

Shops:
D:5 :


Innate Abilities, Weirdness & Mutations

Your muscles are strong. (Str +2)


Message History

You slash the tentacled starspawn!
The starspawn tentacle loses its grip on you.
The tentacled starspawn is severely damaged.
The tentacled starspawn bites you!
* * * LOW HITPOINT WARNING * * *
The tentacled starspawn engulfs you but does no damage.
The starspawn tentacle closely misses you.
The starspawn tentacle grabs you. The starspawn tentacle constricts you.
A starspawn tentacle segment comes into view.
You slice the tentacled starspawn!!
The starspawn tentacle loses its grip on you.
The tentacled starspawn is almost destroyed.
The tentacled starspawn bites you but does no damage.
The tentacled starspawn barely misses you.
You hit the tentacled starspawn.
The tentacled starspawn is almost destroyed.
You feel less exhausted. The starspawn tentacle grabs you.
The starspawn tentacle constricts you. The tentacled starspawn bites you!
You die...

### ### #
..##.#### .
........# #
#. #.....###
...##..#Λ...#
# #
#....X.w.# .
#....w@.##
.....##..#
#....##..# ..
.# ....# ..
.....# . . #.
## ##.... . .
# ...### ....
.. . .#


You could see a tentacled starspawn and 2 starspawn tentacles.

Vanquished Creatures
  A tentacled starspawn (Abyss:3)
  A minotaur (Lab)
  Fannar (D:10)
  2 hydras (Lair:1)
  Erica (Lair:1)
  A centaur warrior (D:10)
  2 large abominations (Abyss:3)
  A hill giant (D:10)
  Pikel (D:5)
  A manticore (D:8)
  Maurice (D:8)
  A worldbinder (Abyss:3)
  3 spiny frogs (Lair:1)
  Psyche (D:8)
  Joseph (D:10)
  2 rime drakes (Lair:2)
  5 blink frogs (Lair:2)
  2 polar bears
  3 hippogriffs
  3 wraiths (D:9)
  A spriggan (D:7)
  15 yaks
  3 wyverns
  A hungry ghost (D:8)
  Edmund (D:4)
  4 water moccasins
  4 ice beasts
  3 porcupines
  Duvessa (D:7)
  8 phantoms
  3 sky beasts
  A slave (D:5)
  2 necrophages
  2 orc warriors
  A black bear (D:6)
  6 ogres
  3 centaurs
  2 crocodiles (Lair:3)
  3 big kobolds
  2 elf zombies
  16 bullfrogs
  Dowan (D:7)
  A scorpion (D:10)
  5 killer bees (D:8)
  7 wights
  3 howler monkeys (D:9)
  3 electric eels (Lair:1)
  A bullfrog zombie (D:6)
  4 crimson imps
  4 hounds
  A quasit (D:9)
  2 human zombies (D:9)
  A jelly (D:7)
  6 orc priests
  Crazy Yiuf (D:6)
  A bullfrog skeleton (D:4)
  5 iguanas
  9 orc wizards
  10 worker ants
  A killer bee zombie (D:7)
  3 mummies (Ossuary)
  A worker ant zombie (D:8)
  13 adders
  5 gnolls
  5 shadow imps
  13 white imps
  A worker ant simulacrum (D:9)
  An ooze (D:4)
  2 adder skeletons
  4 adder zombies (Ossuary)
  4 worms
  3 dart slugs
  A leopard gecko (D:3)
  22 orcs
  6 ball pythons
  5 giant cockroaches
  4 goblins
  15 hobgoblins
  6 jackals
  20 kobolds
  6 quokkas
  2 bats (D:1)
  A giant cockroach zombie (D:6)
  3 goblin zombies (Ossuary)
  4 hobgoblin zombies (Ossuary)
  A kobold zombie (Ossuary)
  A leopard gecko skeleton (D:4)
  2 orc skeletons (D:9)
  An orc zombie (D:9)
  A quokka skeleton (D:8)
  2 quokka zombies (Ossuary)
  8 rats
  3 rat zombies (Ossuary)
  2 starspawn tentacles (Abyss:3)
353 creatures vanquished.

Vanquished Creatures (collateral kills)
  2 orc warriors (D:9)
  A troll zombie (D:9)
  A bullfrog zombie (D:9)
  A jelly (D:9)
  An orc wizard (D:9)
  A worker ant (D:9)
  An adder (D:9)
  A shadow imp (D:9)
  A white imp (D:9)
  4 orcs (D:9)
14 creatures vanquished.

Vanquished Creatures (others)
  A scorpion (D:6)
  2 plants (Lair:1)
3 creatures vanquished.

Grand Total: 370 creatures vanquished

Notes
Turn   | Place    | Note
-------+----------+-------------------------------------------
     0 | D:1      | GordonOverkill the High Elf Berserker began the quest for the Orb.
     0 | D:1      | Reached XP level 1. HP: 16/16 MP: 2/2
     3 | D:1      | Noticed an electric eel
     3 | D:1      | Noticed an electric eel
   526 | D:1      | Reached XP level 2. HP: 19/21 MP: 3/3
   598 | D:1      | Reached skill level 4 in Long Blades
   989 | D:2      | Reached XP level 3. HP: 26/26 MP: 4/4
  1428 | D:2      | Reached XP level 4. HP: 31/31 MP: 5/5
  1564 | D:2      | Found a snail-covered altar of Cheibriados.
  1573 | D:2      | Found a shattered altar of Ashenzari.
  1593 | D:2      | Reached skill level 5 in Long Blades
  1634 | D:2      | Found a hide-covered altar of Uskayaw.
  1770 | D:2      | Found an opulent altar of Gozag.
  1771 | D:2      | Found a white marble altar of Elyvilon.
  2237 | D:3      | Reached ** piety under Trog
  2322 | D:3      | Found a bloodstained altar of Trog.
  2514 | D:3      | Reached XP level 5. HP: 37/37 MP: 6/6
  3122 | D:4      | Reached skill level 6 in Long Blades
  3343 | D:4      | Noticed an ogre
  3352 | D:4      | Killed an ogre
  3352 | D:4      | Reached XP level 6. HP: 43/43 MP: 7/7
  3801 | D:4      | Reached skill level 7 in Long Blades
  3937 | D:4      | Reached XP level 7. HP: 48/48 MP: 8/8
  4229 | D:4      | Reached skill level 8 in Long Blades
  4319 | D:4      | Noticed Edmund
  4329 | D:4      | Killed Edmund
  4329 | D:4      | Reached *** piety under Trog
  4578 | D:4      | Reached skill level 9 in Long Blades
  4784 | D:5      | Entered Level 5 of the Dungeon
  5027 | D:5      | Found a faded altar of an unknown god.
  5027 | D:5      | Found a glowing silver altar of Zin.
  5033 | D:5      | Found a faded altar of an unknown god.
  5043 | D:5      | Found a faded altar of an unknown god.
  5045 | D:5      | Found an iron altar of Okawaru.
  5052 | D:5      | Reached XP level 8. HP: 53/54 MP: 9/9
  5269 | D:5      | Noticed Pikel
  5289 | D:5      | Killed Pikel
  5289 | D:5      | Reached skill level 5 in Fighting
  5289 | D:5      | Reached skill level 10 in Long Blades
  5422 | D:5      | Reached skill level 11 in Long Blades
  5761 | D:5      | Found Moiph's Book Shop.
  6292 | D:6      | Found a staircase to the Ecumenical Temple.
  6306 | D:6      | Reached XP level 9. HP: 47/62 MP: 10/10
  6313 | Temple   | Entered the Ecumenical Temple
  6474 | D:6      | Found a runed door.
  6530 | D:6      | Found a glowing golden altar of the Shining One.
  6658 | D:6      | Found a stormy altar of Qazlal.
  6889 | D:6      | Reached skill level 12 in Long Blades
  6988 | D:6      | Noticed Crazy Yiuf
  6997 | D:6      | Killed Crazy Yiuf
  7157 | D:7      | Found a sand-covered staircase.
  7182 | Ossuary  | Entered an ossuary
  7353 | Ossuary  | Reached **** piety under Trog
  7760 | D:7      | Noticed Duvessa
  7760 | D:7      | Noticed Dowan
  7769 | D:7      | Killed Duvessa
  7772 | D:7      | Killed Dowan
  7807 | D:7      | Received a gift from Trog
  7879 | D:7      | Reached skill level 5 in Dodging
  8180 | D:7      | Reached skill level 13 in Long Blades
  9190 | D:8      | Reached XP level 10. HP: 64/68 MP: 11/11
  9347 | D:8      | Noticed a manticore
  9366 | D:8      | Killed a manticore
  9366 | D:8      | Reached skill level 14 in Long Blades
  9799 | D:8      | Noticed Psyche
  9809 | D:8      | Killed Psyche
  9960 | D:8      | Noticed Maurice
 10039 | D:8      | Killed Maurice
 10039 | D:8      | Reached skill level 5 in Armour
 10127 | D:8      | Reached ***** piety under Trog
 10608 | D:8      | Reached skill level 15 in Long Blades
 11890 | D:9      | Reached XP level 11. HP: 51/72 MP: 12/12
 12166 | D:9      | Found a staircase to the Orcish Mines.
 12248 | D:9      | Found a sacrificial altar of Ru.
 12333 | D:9      | Found a staircase to the Lair.
 12496 | D:9      | Found an ancient bone altar of Kikubaaqudgha.
 12634 | D:9      | Found a shattered altar of Ashenzari.
 12658 | D:10     | Entered Level 10 of the Dungeon
 12658 | D:10     | Noticed a centaur warrior
 12674 | D:10     | Killed a centaur warrior
 12918 | D:10     | Noticed Joseph
 12934 | D:10     | Killed Joseph
 13318 | D:10     | Noticed Fannar
 13343 | D:10     | Killed Fannar
 13685 | D:10     | Noticed a hill giant
 13697 | D:10     | Killed a hill giant
 13808 | Lair:1   | Entered Level 1 of the Lair of Beasts
 13879 | Lair:1   | Found a labyrinth entrance.
 13893 | Lair:1   | Noticed a six-headed hydra
 13896 | Lab      | Entered a labyrinth
 14101 | Lab      | Noticed a minotaur
 14117 | Lab      | Killed a minotaur
 14121 | Lab      | Got a dazzling rapier
 14121 | Lab      | Got an encrusted great sword
 14128 | Lab      | Identified the +6 rapier of Sygoaw {pierce, *Contam Fragile rF+++ MR++} (You found it in a labyrinth)
 14347 | Lair:1   | Killed a six-headed hydra
 14347 | Lair:1   | Reached skill level 10 in Armour
 14716 | Lair:1   | Noticed Erica
 14729 | Lair:1   | Killed Erica
 14738 | Lair:1   | Identified the +10 great sword "Beastslayer" {slice, +Inv MR+} (You found it in a labyrinth)
 14792 | Lair:1   | Gained mutation: Your muscles are strong. (Str +2) [mutagenic glow]
 14885 | Lair:1   | Noticed an eight-headed hydra
 14886 | Lair:1   | Reached XP level 12. HP: 82/82 MP: 13/13
 14902 | Lair:1   | Killed a seven-headed hydra
 16001 | Lair:2   | Reached skill level 16 in Long Blades
 16674 | Lair:2   | Reached skill level 1 in Evocations
 17121 | Lair:3   | Cast into level 3 of the Abyss (siren)
 17168 | Abyss:3  | Reached skill level 17 in Long Blades
 17245 | Abyss:3  | Noticed a tentacled starspawn
 17249 | Abyss:3  | Noticed a tentacled starspawn
 17255 | Abyss:3  | Killed a tentacled starspawn
 17261 | Abyss:3  | Mangled by a tentacled starspawn

Skill      XL: |  1  2  3  4  5  6  7  8  9 10 11 12 |
---------------+-------------------------------------+-----
Long Blades    | 4 5 6 7 9 11 13 15 17 | 17.2
Dodging        | 3 5 6 7 |  7.2
Armour         | 2 3 4 7 10 | 10.2
Fighting       | 4 6 8 |  8.0
Evocations     | 4 |  4.2

Action                   |  1- 3 |  4- 6 |  7- 9 | 10-12 || total
-------------------------+-------+-------+-------+-------++-------
Melee: Falchion          |    95 |   228 |   673 |   721 ||  1717
       Rapier            |       |       |       |    39 ||    39
       Great sword       |       |       |       |   114 ||   114
       Scimitar          |       |       |       |     2 ||     2
Throw: Javelin           |       |       |     3 |       ||     3
Invok: Berserk           |     6 |     8 |    15 |    33 ||    62
       Trog's Hand       |       |     1 |       |       ||     1
       Burn Spellbooks   |       |       |     1 |     2 ||     3
       Brothers in Arms  |       |       |       |     4 ||     4
  Use: Scroll            |       |     3 |    10 |    11 ||    24
       Potion            |       |       |       |     2 ||     2
 Stab: Invisible         |       |       |     1 |       ||     1
  Eat: Chunk             |     7 |    16 |    19 |    40 ||    82
       Pizza             |       |       |     1 |       ||     1
       Meat ration       |       |       |     2 |     3 ||     5
       Beef jerky        |       |       |     1 |     2 ||     3
       Royal jelly       |       |       |       |     2 ||     2
Armor: Ring mail         |    18 |    46 |       |       ||    64
       Leather armour    |     2 |       |       |       ||     2
       Plate armour      |       |    37 |   308 |   354 ||   699
Dodge: Dodged            |    50 |   117 |   138 |   327 ||   632
       Rpst.: Falchion   |    10 |    39 |    47 |    74 ||   170
       Great sword       |       |       |       |    16 ||    16
